 Dungeon Crawl Stone Soup version 0.29.1-12-g30fa7ad0bf (webtiles) character file.

Game seed: 11683619105457204064

31456 GigaChad the Severer (level 13, -1/130 HPs)
             Began as a Minotaur Fighter on Jan 1, 2023.
             Was an Elder of Ashenzari.
             Slain by a manticore (5 damage)
             ... while petrified by a basilisk
             ... on level 2 of the Lair of Beasts on Jan 5, 2023.
             The game lasted 00:36:45 (17977 turns).

GigaChad the Severer (Minotaur Fighter)            Turns: 17977, Time: 00:36:46

Health: -1/130     AC: 23    Str: 26    XL:     13   Next: 26%
Magic:  0/12       EV:  2    Int:  5    God:    Ashenzari [****..]
Gold:   890        SH:  0    Dex: 16    Spells: 12/12 levels left

rFire   . . .      SeeInvis +   o - +8 trident of the Octopus King {venom, rElec rPois}
rCold   . . .      Faith    .   h - +2 buckler "Share My Bad Feelings" {Fort, Cun} (curse)
rNeg    + + +      Spirit   +   u - +1 plate armour "Shackled Portent" {Cun, Self} (curse)
rPois   ∞          Reflect  .   (helmet restricted)
rElec   +          Harm     .   E - +0 cloak "Manifest Portent" {Self, Fort} (curse)
rCorr   .          Rampage  .   (no gloves)
Will    .....      Clarity  +   (no boots)
Stlth   ..........              i - amulet "Ruined Together" {Spirit, Elem, Alch} (curse)
HPRegen 0.31/turn               e - ring "Celestial Morality" {Dex+6, Fort, Elem} (curse)
MPRegen 0.13/turn               N - ring "Bound Secrets" {AC+4, Alch, Range} (curse)

@: petrified
A: horns 2, retaliatory headbutt
a: Renounce Religion, Curse Item, Shatter the Chains


You were on level 2 of the Lair of Beasts.
You worshipped Ashenzari.
Ashenzari was greatly pleased with you.
You visited 3 branches of the dungeon, and saw 15 of its levels.
You also visited: Ossuary.

You collected 890 gold pieces.

Inventory:

Hand Weapons
 a - a +3 war axe of flaming
 o - the +8 trident of the Octopus King (weapon) {venom, rElec rPois}
   (You found it on level 1 of the Lair of Beasts)

   It poisons the flesh of those it strikes.
   rElec:     It insulates you from electricity.
   rPois:     It protects you from poison.
 D - a +2 quarterstaff of chaos
 F - a +1 hammer of holy wrath
 L - a +0 battleaxe
 U - a +2 demon whip of electrocution
Missiles
 G - 2 throwing nets (quivered)
Armour
 b - a +0 scale mail
 c - a +0 buckler
 h - the cursed +2 buckler "Share My Bad Feelings" (worn) {Fort, Cun}
   (You found it on level 4 of the Dungeon)

   It has a curse which improves the following skills: Fortitude: Armour and
   Shields.
   Cunning:   Dodging and Stealth.
 u - the cursed +1 plate armour "Shackled Portent" (worn) {Cun, Self}
   (You found it on level 3 of the Dungeon)

   It has a curse which improves the following skills: Cunning: Dodging and
   Stealth.
   Introspection: Fighting and Spellcasting.
 E - the cursed +0 cloak "Manifest Portent" (worn) {Self, Fort}
   (You took it off Crazy Yiuf on level 6 of the Dungeon)

   It has a curse which improves the following skills: Introspection: Fighting
   and Spellcasting.
   Fortitude: Armour and Shields.
Jewellery
 e - the cursed ring "Celestial Morality" (left hand) {Dex+6, Fort, Elem}
   (You found it on level 1 of the Dungeon)

   [ring of dexterity]

   Dex:       It affects your dexterity (+6).
   It has a curse which improves the following skills: Fortitude: Armour and
   Shields.
   Elements:  Fire Magic, Ice Magic, Air Magic and Earth Magic.
 i - the cursed amulet "Ruined Together" (around neck) {Spirit, Elem, Alch}
   (You found it on level 1 of the Dungeon)

   [amulet of guardian spirit]

   It causes incoming damage to be divided between your reserves of health and
   magic.
   It has a curse which improves the following skills: Elements: Fire Magic, Ice
   Magic, Air Magic and Earth Magic.
   Alchemy:   Poison Magic and Transmutations.
 k - a ring of wizardry
 p - a ring of flight
 r - a ring of magical power
 C - a ring of fire
 H - a ring of ice
 N - the cursed ring "Bound Secrets" (right hand) {AC+4, Alch, Range}
   (You found it on level 9 of the Dungeon)

   [ring of protection]

   AC:        It affects your AC (+4).
   It has a curse which improves the following skills: Alchemy: Poison Magic and
   Transmutations.
   Ranged Combat: Ranged Weapons and Throwing.
 Q - a +4 ring of protection
 R - a +4 ring of evasion
 S - a ring of ice
Wands
 x - a wand of charming (16)
 K - a wand of digging (13)
 M - a wand of mindburst (10)
 P - a wand of polymorph (5)
Scrolls
 f - 4 scrolls of fear
 g - 7 scrolls of immolation
 j - 2 scrolls of amnesia
 v - 3 scrolls of poison
 w - 4 scrolls of magic mapping
 I - 2 scrolls of enchant armour
 J - a scroll of butterflies
 T - a scroll of summoning
Potions
 d - 3 potions of might
 l - 2 potions of haste
 m - a potion of heal wounds
 n - 10 potions of curing
 q - 3 potions of mutation
 s - 4 potions of brilliance
 t - 4 potions of berserk rage
 z - 2 potions of degeneration
 A - 2 potions of lignification
 B - 3 potions of flight
 V - a potion of cancellation
 W - a potion of magic
Miscellaneous
 O - a lightning rod (4/4)


   Skills:
 * Level 13.8(16.7) Fighting
 + Level 15.1(15.4) Axes
 * Level 4.7(10.9) Maces & Flails
 + Level 11.6(15.4) Armour
 - Level 0.8(2.3) Dodging
 * Level 14.4(18.2) Shields


You had 12 spell levels left.
You didn't know any spells.
Your spell library contained the following spells:

 Spells                   Type           Power      Damage    Failure   Level
 Beastly Appendage        Tmut           0%         N/A       97%         1
 Sandblast                Erth           0%         2d4       97%         1
 Apportation              Tloc           0%         N/A       98%         1
 Necrotise                Necr           0%         1d4       98%         1
 Summon Small Mammal      Summ           0%         N/A       98%         1
 Passwall                 Tmut/Erth      0%         N/A       99%         2
 Static Discharge         Conj/Air       0%         3-3/arc   99%         2
 Wereblood                Tmut           0%         N/A       99%         2
 Dazzling Flash           Conj/Hex       0%         N/A       100%        3
 Gell's Gravitas          Tloc           0%         N/A       100%        3
 Ignite Poison            Fire/Tmut/Pois 0%         N/A       100%        3
 Lesser Beckoning         Tloc           0%         N/A       100%        3
 Mephitic Cloud           Conj/Pois/Air  0%         N/A       100%        3
 Ozocubu's Armour         Ice            0%         N/A       100%        3
 Spider Form              Tmut/Pois      0%         N/A       100%        3
 Stone Arrow              Conj/Erth      0%         3d7       100%        3
 Teleport Other           Tloc           0%         N/A       100%        3
 Vampiric Draining        Necr           0%         2d6       100%        3
 Corpse Rot               Necr/Pois/Air  0%         N/A       100%        4
 Dispel Undead            Necr           0%         3d6       100%        4
 Iskenderun's Mystic Bla  Conj/Tloc      0%         2d3       100%        4
 Passage of Golubria      Tloc           0%         N/A       100%        4
 Sticky Flame             Conj/Fire      0%         2d3       100%        4
 Alistair's Intoxication  Tmut/Pois      0%         N/A       100%        5
 Fireball                 Conj/Fire      0%         3d3       100%        5
 Freezing Cloud           Conj/Ice/Air   0%         6-21      100%        5
 Iskenderun's Battlesphe  Conj           0%         2d6       100%        5
 Silence                  Hex/Air        0%         N/A       100%        5
 Conjure Ball Lightning   Conj/Air       0%         3x3d6     100%        6
 Death Channel            Necr           0%         N/A       100%        6
 Starburst                Conj/Fire      0%         6d3       100%        6
 Orb of Destruction       Conj           0%         9d5       100%        7
 Ozocubu's Refrigeration  Ice            0%         4d7       100%        7
 Borgnjor's Revivificati  Necr           0%         N/A       100%        8
 Lehudib's Crystal Spear  Conj/Erth      0%         10d2      100%        8


Dungeon Overview and Level Annotations

Branches:
Dungeon (12/15)            Temple (1/1) D:4            Lair (2/5) D:11
    Orc (0/2) D:11        Ossuary (visited)
  Swamp: Lair:2-3    Shoals: Lair:2-3     Snake: Lair:2-3    Spider: Lair:2-3

Altars:
Ashenzari
Cheibriados
Dithmenos
Elyvilon
Fedhas
Gozag
Hepliaklqana
Kikubaaqudgha
Makhleb
Nemelex Xobeh
Okawaru
Qazlal
Ru
Sif Muna
Trog
Uskayaw
Vehumet
Wu Jian
Xom
Yredelemnul
Zin
The Shining One

Shops:
D:4 ?

Annotations:
D:6 2 transporters, kamileon1's ghost, novice OgAr


Innate Abilities, Weirdness & Mutations

You have a pair of horns on your head.
You reflexively headbutt those who attack you in melee.


Message History

You block the yak's attack. The basilisk gazes at you.
You easily resist.
The killer bee moves out of view.
Your limbs are stiffening.
You hit the basilisk but do no damage.
The basilisk is poisoned.
Your headbutt misses the basilisk. The manticore bites you.
The manticore claws you but does no damage.
You block the manticore's attack. You block the yak's attack.
The basilisk bites you!
* * * LOW HITPOINT WARNING * * *
You have turned to stone.
The manticore bites you but does no damage.
The manticore claws you but does no damage.
The manticore claws you.
* * * LOW HITPOINT WARNING * * *
The yak gores you but does no damage. The basilisk bites you!
* * * LOW HITPOINT WARNING * * *
The killer bee buzzes angrily.
The manticore bites you but does no damage.
The manticore claws you but does no damage. x2
The yak gores you but does no damage. The basilisk gazes at you.
You easily resist.
A rime drake comes into view.
The manticore bites you but does no damage.
The manticore claws you but does no damage. x2
The yak gores you but does no damage.
The basilisk bites you but does no damage.
The manticore bites you.
* * * LOW HITPOINT WARNING * * *
The manticore claws you but does no damage.
The manticore claws you. The yak gores you but does no damage.
The basilisk barely misses you. The manticore completely misses you.
The manticore claws you but does no damage. x2
The yak gores you but does no damage.
The queen bee calls on the killer bee to defend it!
The killer bee goes berserk!
The basilisk bites you but does no damage.
The manticore bites you!
You die...

*, .................## * , , ,
...............####. , ** ,
..............####. , , ,
.............###...***,,, * ,
..........#####.. , * , * *
.........##.#...##*,.,*** *,
.........###k.#..#..# ,
.......?.#.#Hy.....# * *
,..........#@lYk..# ,* *,,
............#.#Yy..##* **,,,
.>..........#.#l.#..# ,
**............#..##....# ,, * *
..........#.#..*,.#..# *,,*, ,
#.P..##..#.#... ..,.. ###. *#
##...##....#.#....#.,# .#., *
..#......#..#.#.#.....###.. ##
*,#............#.#.#..,..#.....
,


You could see an elephant, a manticore, a yak, a queen bee, 2 basilisks, 2 rime
drakes and a killer bee (berserk).

Vanquished Creatures
  A dire elephant (Lair:1)
  Josephine (D:10)
  4 hydras
  A centaur warrior (D:8)
  5 two-headed ogres
  Nergalle (Lair:1)
  Pikel (D:5)
  A lindwurm (Lair:1)
  A deep elf pyromancer (D:12)
  3 ugly things
  A cyclops (D:12)
  A manticore (D:12)
  2 black mambas
  4 cane toads (Lair:1)
  2 elephants
  2 unseen horrors (D:12)
  2 gargoyles
  4 kobold demonologists
  4 komodo dragons
  A rime drake (Lair:1)
  A hornet (D:9)
  3 trolls
  8 blink frogs (Lair:1)
  2 shadows
  6 wyverns
  7 wraiths
  A vampire (D:12)
  Eustachio (D:5)
  3 basilisks
  19 yaks
  3 steam dragons
  Menkaure (D:6)
  Edmund (D:6)
  An acid dragon (D:11)
  4 water moccasins
  A black bear (D:6)
  5 orc warriors
  2 wolves (Lair:2)
  2 ogres
  5 centaurs
  2 lemures (D:5)
  4 kobold brigands
  2 elf zombies (Ossuary)
  7 bullfrogs
  9 scorpions
  11 wights
  17 killer bees (Lair:2)
  3 howler monkeys
  A jelly (D:5)
  A quasit (D:5)
  2 human zombies (Ossuary)
  7 orc priests
  2 hounds
  A gnoll bouda (D:8)
  Crazy Yiuf (D:6)
  3 iguanas
  12 orc wizards
  A hound zombie (Ossuary)
  3 mummies (Ossuary)
  15 gnolls
  9 adders
  2 white imps (D:7)
  An ufetubus (D:5)
  3 adder zombies (Ossuary)
  2 worms (D:2)
  A dart slug (D:3)
  73 orcs
  6 giant cockroaches
  14 goblins
  10 hobgoblins
  2 jackals (D:1)
  A quokka (D:2)
  6 ball pythons
  14 bats
  2 frilled lizards (D:2)
  A gnoll zombie (Ossuary)
  3 goblin zombies (Ossuary)
  5 hobgoblin zombies
  4 jackal zombies (Ossuary)
  33 kobolds
  3 kobold skeletons (D:5)
  6 kobold zombies
  An orc skeleton (D:5)
  4 orc zombies
  5 quokka zombies (Ossuary)
  5 rats
  3 rat zombies (Ossuary)
441 creatures vanquished.

Vanquished Creatures (others)
  18 fungi
  24 plants
  10 toadstools (Lair:1)
52 creatures vanquished.

Grand Total: 493 creatures vanquished

Notes
Turn   | Place    | Note
-------+----------+-------------------------------------------
     0 | D:1      | GigaChad the Minotaur Fighter began the quest for the Orb.
     0 | D:1      | Reached XP level 1. HP: 19/19 MP: 0/0
   275 | D:1      | Reached XP level 2. HP: 26/27 MP: 1/1
  1255 | D:2      | Reached XP level 3. HP: 24/33 MP: 2/2
  1705 | D:2      | Reached skill level 3 in Axes
  2455 | D:3      | Reached XP level 4. HP: 36/40 MP: 3/3
  2940 | D:3      | Found a faded altar of an unknown god.
  3566 | D:4      | Reached skill level 5 in Armour
  3566 | D:4      | Reached XP level 5. HP: 34/47 MP: 1/4
  3570 | D:4      | Reached skill level 4 in Axes
  3731 | D:4      | Found a staircase to the Ecumenical Temple.
  3750 | Temple   | Entered the Ecumenical Temple
  4062 | Temple   | Became a worshipper of Ashenzari the Shackled
  4170 | D:4      | Reached skill level 5 in Fighting
  4170 | D:4      | Reached XP level 6. HP: 55/56 MP: 5/5
  4274 | D:4      | Found Illux's Magic Scroll Shop.
  4685 | D:5      | Entered Level 5 of the Dungeon
  4752 | D:5      | Reached skill level 5 in Axes
  4827 | D:5      | Reached skill level 5 in Shields
  4921 | D:5      | Reached XP level 7. HP: 55/62 MP: 4/6
  4989 | D:5      | Found a glowing golden altar of the Shining One.
  5015 | D:5      | Noticed Pikel
  5021 | D:5      | Reached skill level 6 in Axes
  5030 | D:5      | Killed Pikel
  5031 | D:5      | Reached skill level 7 in Axes
  5031 | D:5      | Reached XP level 8. HP: 45/71 MP: 5/7
  5170 | D:5      | Noticed Eustachio
  5182 | D:5      | Killed Eustachio
  5183 | D:5      | Reached skill level 8 in Axes
  5335 | D:5      | Found an iron altar of Okawaru.
  5433 | D:5      | Found a hazy altar of Hepliaklqana.
  5979 | D:6      | Identified the +10 spear "Hydraslayer" {vamp, Dex+3}
  6234 | D:6      | Noticed kamileon1's ghost (novice OgAr)
  6289 | D:6      | Found a sacrificial altar of Ru.
  6320 | D:6      | Found an ancient bone altar of Kikubaaqudgha.
  6382 | D:6      | Found a transporter.
  6383 | D:6      | Found a transporter.
  6406 | D:6      | Reached * piety under Ashenzari
  6422 | D:6      | Noticed Edmund
  6431 | D:6      | Killed Edmund
  6432 | D:6      | Reached skill level 9 in Axes
  6512 | D:6      | Reached XP level 9. HP: 80/80 MP: 8/8
  6737 | D:6      | Found a runed translucent door.
  6738 | D:6      | Noticed Crazy Yiuf
  6745 | D:6      | Killed Crazy Yiuf
  6801 | D:6      | Reached ** piety under Ashenzari
  6822 | D:6      | Noticed Menkaure
  6831 | D:6      | Killed Menkaure
  7471 | D:7      | Reached skill level 10 in Axes
  7524 | D:7      | Found a sand-covered staircase.
  7528 | Ossuary  | Entered an ossuary
  7873 | D:7      | Found a stormy altar of Qazlal.
  7962 | D:7      | Found a flagged portal.
  8403 | D:8      | Found a shadowy altar of Dithmenos.
  8403 | D:8      | Found a bloodstained altar of Trog.
  8410 | D:8      | Reached XP level 10. HP: 90/94 MP: 7/9
  8413 | D:8      | Reached skill level 11 in Axes
  8821 | D:8      | Found a hide-covered altar of Uskayaw.
  8890 | D:8      | Noticed a centaur warrior
  8899 | D:8      | Killed a centaur warrior
  9603 | D:9      | Paralysed by a hornet for 1 turns
  9609 | D:9      | Reached skill level 10 in Shields
  9891 | D:9      | Reached *** piety under Ashenzari
 10249 | D:10     | Entered Level 10 of the Dungeon
 10249 | D:10     | Noticed a two-headed ogre
 10254 | D:10     | Killed a two-headed ogre
 10255 | D:10     | Reached skill level 10 in Fighting
 10255 | D:10     | Reached skill level 12 in Axes
 10289 | D:10     | Noticed a rust devil
 10309 | D:10     | HP: 5/100 [ice devil[a kobold demonologist] (7)]
 11002 | D:10     | Reached XP level 11. HP: 94/106 MP: 8/10
 11016 | D:10     | Noticed Josephine
 11035 | D:10     | Killed Josephine
 11142 | D:10     | Found the +7 Singing Sword {vorpal, sonic wave}
 11214 | D:10     | Identified the Atlas of Transforming Diablerie
 11346 | D:10     | Noticed a two-headed ogre
 11353 | D:10     | Killed a two-headed ogre
 11749 | D:11     | Noticed a two-headed ogre
 11756 | D:11     | Killed a two-headed ogre
 11798 | D:11     | Noticed a sun demon
 11801 | D:11     | Reached skill level 13 in Axes
 11873 | D:11     | Found a staircase to the Lair.
 12281 | D:11     | Noticed a white ugly thing
 12290 | D:11     | Killed a white ugly thing
 12414 | D:11     | Found a staircase to the Orcish Mines.
 12764 | D:11     | Noticed a two-headed ogre
 12766 | D:11     | Noticed a purple ugly thing
 12773 | D:11     | Killed a two-headed ogre
 12782 | D:11     | Killed a purple ugly thing
 13481 | D:12     | Reached **** piety under Ashenzari
 13483 | D:12     | Noticed a two-headed ogre
 13483 | D:12     | Noticed a six-headed hydra
 13492 | D:12     | Killed a one-headed hydra
 13500 | D:12     | Reached skill level 10 in Armour
 13506 | D:12     | Killed a two-headed ogre
 13507 | D:12     | Reached XP level 12. HP: 61/119 MP: 6/11
 14301 | D:12     | Reached skill level 14 in Axes
 15063 | Lair:1   | Entered Level 1 of the Lair of Beasts
 15385 | Lair:1   | Noticed a four-headed hydra
 15392 | Lair:1   | Killed a two-headed hydra
 15639 | Lair:1   | Noticed Nergalle
 15657 | Lair:1   | Killed Nergalle
 15679 | Lair:1   | Noticed an eight-headed hydra
 15688 | Lair:1   | Reached skill level 15 in Axes
 15807 | Lair:1   | Noticed a seven-headed hydra
 15813 | Lair:1   | Killed a four-headed hydra
 16030 | Lair:1   | Killed a six-headed hydra
 16031 | Lair:1   | Reached skill level 1 in Maces & Flails
 16261 | Lair:1   | Reached XP level 13. HP: 130/130 MP: 12/12
 16360 | Lair:1   | Noticed a dire elephant
 16360 | Lair:1   | Found the +8 trident of the Octopus King {venom, rElec
                  | rPois}
 16377 | Lair:1   | Found a runed translucent door.
 16437 | Lair:1   | Killed a dire elephant
 17972 | Lair:2   | HP: 4/130 [basilisk (3)]
 17977 | Lair:2   | Slain by a manticore

Illustrated notes

Levels and vault maps discovered:
D:1:      co_arrival_square_in_a_square_in_a_square, layout_loops_corners
D:2:      layout_loops_corners, serial_forest, infiniplex_forest_clump_large,
          infiniplex_forest_lined_room_2, infiniplex_forest_clump_diagonal,
          infiniplex_forest_straight_3, infiniplex_forest_lined_room_2
D:3:      layout_loops_cross, shapermc_ecumenical_altar_mp_urbaneastern,
          minivault_27, patterned_corridor
D:4:      kennysheep_big_flooded_room, layout_basic,
          minmay_temple_entry_sparse_star, serial_shops,
          nicolae_shop_window_shopping, hangedman_decor_riveting
D:5:      layout_rooms, nicolae_tso_besieged_by_evil,
          kennysheep_okawaru_gauntlet, mainiacjoe_overflow_chevrons,
          uniq_eustachio, uniq_pikel
D:6:      layout_gridville, mainiacjoe_overflow_two_lobes,
          gammafunk_ghost_gnarly_gnolls, item_on_display_a, uniq_edmund,
          uniq_menkaure, uniq_crazy_yiuf_cottage
D:7:      layout_gridville, overflow_temple_1_default, enter_ossuary_5,
          enter_bailey_5
D:8:      layout_rooms, grunt_temple_overflow_open
D:9:      layout_basic
D:10:     old_forge, layout_small_grid, uniq_josephine
D:11:     layout_layer_cave, david_lair_generic, hiddenorc2_lemuel,
          chequers_serial_rivers_micro_d
D:12:     layout_loops_corners
Temple:   oiseaux_autumnal_temple
Lair:1:   gammafunk_lair_enchanted_lake, layout_chaotic_city,
          gauntlet_entry_generic, serial_bayou_pond_a, st_stairs_10,
          serial_bayou_shore_b, uniq_nergalle
Lair:2:   hangedman_what_comes_after_a, layout_regular_city,
          guppyfry_snake_entry_garden

Skill      XL: |  1  2  3  4  5  6  7  8  9 10 11 12 13 |
---------------+----------------------------------------+-----
Shields        | 4 5 6 7 9 10 12 14 | 14.4
Fighting       | 4 5 6 7 9 10 12 13 | 13.8
Armour         | 4 5 6 7 8 10 11 | 11.6
Axes           | 3 4 5 7 9 10 12 13 15 | 15.1
Maces & Flails | 1 4 |  4.7
Dodging        | |  0.8

Action                   |  1- 3 |  4- 6 |  7- 9 | 10-12 | 13-15 || total
-------------------------+-------+-------+-------+-------+-------++-------
Melee: War axe           |   108 |    95 |   238 |   442 |       ||   883
       Headbutt          |     8 |    18 |    36 |   116 |    29 ||   207
       Demon whip        |       |       |       |    33 |    72 ||   105
       Trident           |       |       |       |       |    71 ||    71
Invok: Curse Item        |       |       |     3 |     3 |       ||     6
  Use: Scroll            |       |     9 |     4 |     5 |     2 ||    20
Armor: Scale mail        |    69 |    12 |       |       |       ||    81
       Plate armour      |       |    77 |   147 |   235 |   120 ||   579
Dodge: Dodged            |    63 |    44 |    87 |   159 |    65 ||   418
Block: Buckler           |    34 |    38 |   152 |   283 |   114 ||   621
